 Dungeon Sprint DCSS version 0.29-a0-119-g4040846114 (webtiles) character file.

Game seed: 2039892250627923958

288 mhtbhm the Arsonist (level 6, -10/32 HPs)
             Began as a Deep Elf Fire Elementalist on Feb 19, 2022.
             Was a Priest of Vehumet.
             Mangled by a slime creature (15 damage)
             ... in the Dungeon (Sprint V: "Ziggurat Sprint").
             The game lasted 00:02:24 (448 turns).

mhtbhm the Arsonist (Deep Elf Fire Elementalist)     Turns: 448, Time: 00:02:25

Health: -10/32     AC:  6    Str:  5    XL:     6   Next: 9%
Magic:  13/19      EV: 15    Int: 34    God:    Vehumet [***...]
Gold:   0          SH:  0    Dex: 18    Spells: 10/22 levels left

rFire   + . .      SeeInvis .   C - +8 lance "Wyrmbane" {slay drac, rPois rF+ rC+ AC+3}
rCold   + . .      Faith    .   (no shield)
rNeg    . . .      Spirit   .   a - +0 robe
rPois   +          Reflect  .   (no helmet)
rElec   .          Harm     .   (no cloak)
rCorr   .          Rampage  .   t - +0 pair of fencer's gloves {Riposte Dex+3}
Will    .....      NoTele   +   (no boots)
Stlth   +++.......              (no amulet)
HPRegen 0.10/turn               u - +6 ring of intelligence
MPRegen 0.16/turn               v - +6 ring of intelligence

@: no status effects
A: no striking features
a: Renounce Religion


You were in the Dungeon.
You worshipped Vehumet.
Vehumet was most pleased with you.
You visited 1 branch

Inventory:

Hand Weapons
 C - the +8 lance "Wyrmbane" (weapon) {slay drac, rPois rF+ rC+ AC+3}
   (You found it in the Dungeon)

   It inflicts extra damage against dragons and draconians.
   AC:        It affects your AC (+3).
   rF:        It protects you from fire.
   rC:        It protects you from cold.
   rPois:     It protects you from poison.
Armour
 a - a +0 robe (worn)
 t - the +0 pair of fencer's gloves (worn) {Riposte Dex+3}
   (You found it in the Dungeon)

   It allows the wearer to riposte with melee weapons, swiftly retaliating
   against missed attacks.
   Dex:       It affects your dexterity (+3).
Jewellery
 u - a +6 ring of intelligence (left hand)
 v - a +6 ring of intelligence (right hand)
Wands
 y - a wand of mindburst (7)
 z - a wand of iceblast (2)
 A - a wand of acid (5)
Scrolls
 g - 2 scrolls of blinking
 m - 4 scrolls of amnesia
 n - 7 scrolls of fog
 o - a scroll of holy word
 p - 5 scrolls of identify
 q - 2 scrolls of fear
 r - a scroll of brand weapon
Potions
 b - 10 potions of curing
 c - 14 potions of heal wounds
 d - 6 potions of haste
 e - 7 potions of magic
 f - 3 potions of berserk rage
 h - 2 potions of brilliance
 i - 2 potions of invisibility
 j - 4 potions of resistance
 k - a potion of experience
 l - 5 potions of might
Miscellaneous
 s - a condenser vane (inert)
 B - a lightning rod (4/4)


   Skills:
 + Level 5.7 Dodging
 + Level 5.6 Stealth
 + Level 8.7 Spellcasting
 + Level 3.1 Conjurations
 + Level 1.1 Hexes
 + Level 10.0 Fire Magic
 + Level 2.0 Evocations


You had 10 spell levels left.
You knew the following spells:

 Your Spells              Type           Power      Damage    Failure   Level
a - Foxfire               Conj/Fire      100%       2x1d9     1%          1
b - Scorch                Fire           100%       2d10      1%          2
c - Inner Flame           Hex/Fire       51%        N/A       1%          3
d - Flame Wave            Conj/Fire      56%        2d11      1%          4
e - Blink                 Tloc           28%        N/A       4%          2

Your spell library contained the following spells:

 Spells                   Type           Power      Damage    Failure   Level
 Static Discharge         Conj/Air       25%        N/A       1%          2
 Conjure Flame            Conj/Fire      56%        6-21      1%          3
 Manifold Assault         Tloc           14%        N/A       63%         5
 Storm Form               Tmut/Air       7%         N/A       100%        7


Dungeon Overview and Level Annotations

Branches:
Dungeon (1/1)

Altars:
Ashenzari
Cheibriados
Dithmenos
Elyvilon
Fedhas
Gozag
Hepliaklqana
Kikubaaqudgha
Makhleb
Nemelex Xobeh
Okawaru
Qazlal
Ru
Sif Muna
Trog
Uskayaw
Vehumet
Wu Jian
Xom
Yredelemnul
Zin
The Shining One
Beogh
Jiyva
Lugonu

Annotations:
D 1 transporter


Message History

Aim: a slime creature (noxious fumes, lightly wounded)
The mass of ice explodes!
The iceblast engulfs the slime creature!
The slime creature is moderately wounded.
The iceblast engulfs the slime creature!
The slime creature is moderately wounded.
Unknown command.
Unknown command.
Unknown command.
Casting: Foxfire (safe; 1% risk of failure)
Confirm with . or Enter, or press ? or * to list all spells.
Okay, then.
Casting: Foxfire (safe; 1% risk of failure)
Confirm with . or Enter, or press ? or * to list all spells.
Casting: Flame Wave (dangerous; 1% risk of failure)
Press: ? - help, Dir - look around, f - activate A wave of flame ripples out! (Press . to intensify the flame waves.) Unknown command.
A wave of flame ripples out!
The flame wave engulfs the slime creature!
The slime creature is heavily wounded.
The flame wave engulfs the slime creature!
The slime creature is heavily wounded.
A wave of flame ripples out!
The flame wave engulfs the slime creature.
The slime creature is heavily wounded.
The flame wave engulfs the slime creature!
The slime creature is severely wounded.
You finish channelling waves of flame.
The slime creature hits you!
Ouch! That really hurt!
The slime creature hits you.
The slime creature hits you but does no damage.
The slime creature hits you!
* * * LOW HITPOINT WARNING * * *
The slime creature completely misses you.
You riposte.
You hit the slime creature.
The slime creature is heavily wounded.
The slime creature hits you!
You die...

▓..©..▓..©..▓▓▓▓▓▓▓
▓▓▓▓▓▓▓▓▓▓▓▓▓▓
▓.§8○8...▓
▓.§§§§§..▓
▓.§§§§§..▓
▓..§§§...▓
........▓
▓.▓.JJ.▓.▓
▓...@....▓
▓▓▓▓▓▓▓▓▓▓


You could see 2 slime creatures.

Vanquished Creatures
  A slime creature (D)
  3 jellies (D)
  An adder (D)
  5 endoplasms (D)
  A ball python (D)
11 creatures vanquished.

Vanquished Creatures (others)
  18 foxfires (D)
18 creatures vanquished.

Grand Total: 29 creatures vanquished

Notes
Turn   | Place    | Note
-------+----------+-------------------------------------------
     0 | D        | mhtbhm the Deep Elf Fire Elementalist began the quest for
                  | the Orb.
     0 | D        | Reached XP level 1. HP: 10/10 MP: 6/6
     0 | D        | Found a shimmering blue altar of Sif Muna.
     0 | D        | Found a bloodstained altar of Trog.
     0 | D        | Found a sacrificial altar of Ru.
     0 | D        | Found a stormy altar of Qazlal.
     0 | D        | Found an iron altar of Okawaru.
     1 | D        | Found a sparkling altar of Nemelex Xobeh.
     1 | D        | Found a blossoming altar of Fedhas.
     1 | D        | Found the +6 Majin-Bo {vamp, MP+6 Int+6}
     1 | D        | Found the +9 heavy crossbow "Sniper" {vorpal, Acc+∞ SInv}
     1 | D        | Found the +10 dark maul {vorpal}
     1 | D        | Found the +15 Maxwell's patent armour {-Cast -Tele rElec
                  | Will+ rCorr}
     1 | D        | Found the +18 shield of the Gong {rElec rN+ Will+ EV-5}
     1 | D        | Found the +14 obsidian axe {vorpal, Mesm Drain Fly SInv}
     1 | D        | Found the +7 great mace "Firestarter" {inner flame, rF++}
     1 | D        | Found the +6 shillelagh "Devastator" {shatter}
     1 | D        | Found the +11 plutonium sword {Contam Stlth-}
     1 | D        | Found the +8 lance "Wyrmbane" {slay drac, rPois rF+ rC+
                  | AC+3}
     1 | D        | Found the +9 sword of Zonguldrok {reap}
     1 | D        | Found the +13 scythe of Curses {drain, Drain}
     1 | D        | Found the +5 sword of Power {vorpal}
     1 | D        | Found the +7 mace of Variability {chain chaos}
     1 | D        | Found the +7 Singing Sword {vorpal, sonic wave}
     1 | D        | Found the +8 storm bow {elec, penet}
     3 | D        | Found a transporter.
     3 | D        | Found an ancient bone altar of Kikubaaqudgha.
     3 | D        | Found a viscous altar of Jiyva.
     3 | D        | Found a corrupted altar of Lugonu.
     3 | D        | Found a hazy altar of Hepliaklqana.
     3 | D        | Found a burning altar of Makhleb.
     3 | D        | Found an opulent altar of Gozag.
    42 | D        | Became a worshipper of Vehumet
    59 | D        | Entered arena 2.
    59 | D        | Found a transporter.
    64 | D        | Reached skill level 4 in Fire Magic
    64 | D        | Reached XP level 2. HP: 11/15 MP: 2/8
   132 | D        | Learned a level 2 spell: Scorch
   134 | D        | Entered arena 3.
   134 | D        | Found a transporter.
   136 | D        | Reached * piety under Vehumet
   136 | D        | Offered knowledge of Freeze by Vehumet.
   140 | D        | Reached skill level 5 in Spellcasting
   140 | D        | Reached skill level 6 in Fire Magic
   140 | D        | Reached XP level 3. HP: 19/19 MP: 3/11
   208 | D        | Learned a level 3 spell: Inner Flame
   210 | D        | Entered arena 4.
   210 | D        | Found the +0 pair of fencer's gloves {Riposte Dex+3}
   210 | D        | Noticed a slime creature
   210 | D        | Found a transporter.
   213 | D        | Reached ** piety under Vehumet
   216 | D        | Reached XP level 4. HP: 8/24 MP: 7/13
   218 | D        | Reached skill level 7 in Fire Magic
   221 | D        | Killed a slime creature
   222 | D        | Reached skill level 5 in Dodging
   222 | D        | Reached skill level 5 in Stealth
   222 | D        | Reached skill level 1 in Hexes
   222 | D        | Reached skill level 9 in Fire Magic
   222 | D        | Reached XP level 5. HP: 9/28 MP: 12/18
   222 | D        | Reached XP level 6. HP: 11/32 MP: 12/19
   435 | D        | Learned a level 4 spell: Flame Wave
   438 | D        | Learned a level 2 spell: Blink
   440 | D        | Entered arena 5.
   440 | D        | Noticed a slime creature
   440 | D        | Noticed a slime creature
   440 | D        | Found a transporter.
   442 | D        | Offered knowledge of Static Discharge by Vehumet.
   442 | D        | Reached *** piety under Vehumet
   443 | D        | Reached skill level 10 in Fire Magic
   448 | D        | Mangled by a slime creature

Illustrated notes

Levels and vault maps discovered:
D:        sprint_v [room_start, room_1, room_2, room_3, room_4, room_5, room_6,
          room_7, room_8, room_9, room_10, room_11, room_12, room_13, room_14,
          room_15, room_16, room_17, room_18, room_19, room_20, room_21,
          room_22, room_23, room_24, room_25, room_26, room_27]

Skill      XL: |  1  2  3  4  5  6 |
---------------+-------------------+-----
Dodging        | 3 4 5 |  5.7
Fire Magic     | 4 6 9 10 | 10.0
Stealth        | 3 5 |  5.6
Spellcasting   | 5 8 |  8.7
Conjurations   | 2 3 |  3.1
Hexes          | 1 |  1.1
Evocations     | 2 |  2.0

Action                   |  1- 3 |  4- 6 || total
-------------------------+-------+-------++-------
 Cast: Foxfire           |    11 |       ||    11
       Inner Flame       |     1 |       ||     1
       Flame Wave        |       |     1 ||     1
Evoke: Lightning rod     |     1 |       ||     1
       Wand              |       |     7 ||     7
       Condenser vane    |       |     1 ||     1
  Use: Scroll            |     1 |     1 ||     2
Armor: Robe              |       |     1 ||     1
Dodge: Dodged            |     6 |     2 ||     8
       Rpst.: Lance      |       |     1 ||     1

Table legend: (Time is in decaauts)
 A = Elapsed time spent in this place.
 B = Non-inter-level travel time spent in this place.
 C = Inter-level travel time spent in this place.
 D = Time resting spent in this place.
 E = Time spent auto-exploring this place.
 F = Levels seen in this place.
 G = Mean time per level.
                   A        B        C        D        E       F      G
               +--------+--------+--------+--------+--------+-----+--------+
         Total |    446 |    446 |      0 |    304 |      0 |   1 |  446.0 |
       Dungeon |    446 |    446 |      0 |    304 |      0 |   1 |  446.0 |
               +--------+--------+--------+--------+--------+-----+--------+

Top non-repeatable levels by time:
       D: 446 daAuts
